 Dungeon Sprint DCSS version 0.21-a0-401-g0b6bec4 (webtiles) character file.

1575 theanonym the Basher (level 8, -3/57 HPs)
             Began as a Gargoyle Fighter on Oct 21, 2017.
             Was a Believer of Makhleb.
             Slain by a demonic crawler (4 damage)
             ... in the Dungeon (Sprint I: "Red Sonja").
             The game lasted 00:03:25 (734 turns).

theanonym the Basher (Gargoyle Fighter)              Turns: 734, Time: 00:03:26

Health: -3/57      AC: 14    Str: 22    XL:     8   Next: 91%
Magic:  8/8        EV:  9    Int:  9    God:    Makhleb [**....]
Gold:   108        SH: 12    Dex:  9    Spells: 7/7 levels left

rFire    . . .     SeeInvis .   a - +0 flail
rCold    . . .     Gourm    .   c - +0 shield
rNeg     + . .     Faith    .   b - +0 scale mail
rPois    ∞         Spirit   .   (no helmet)
rElec    +         Reflect  .   (no cloak)
rCorr    .         Harm     .   (no gloves)
MR       .....     NoTele   +   (no boots)
Stlth    ..........             (no amulet)
HPRegen  0.19/turn              (no ring)
MPRegen  0.11/turn              (no ring)

@: berserk cooldown, hasted and slowed
A: negative energy resistance 1, electricity resistance, unbreathing,
petrification resistance, rot immunity, AC +5
a: Minor Destruction, Renounce Religion


You were in the Dungeon.
You worshipped Makhleb.
Makhleb was pleased with you.
You were not hungry.

You visited 1 branch You collected 108 gold pieces.

Inventory:

Hand Weapons
 a - a +0 flail (weapon)
Armour
 b - a +0 scale mail (worn)
 c - a +0 shield (worn)
Wands
 d - a wand of random effects (21/48)
   (You took it off Sigmund in the Dungeon)
Scrolls
 k - a scroll of blinking
Potions
 e - a potion of curing
 g - a potion of heal wounds
 i - 2 potions of magic
Comestibles
 f - a bread ration


   Skills:
 + Level 10.1 Fighting
 * Level 12.2 Maces & Flails
 + Level 10.1 Armour
 + Level 10.1 Shields


You had 7 spell levels left.
You didn't know any spells.

Dungeon Overview and Level Annotations

Branches:
Dungeon (1/1)

Altars:
Makhleb
Xom
Jiyva
Lugonu


Innate Abilities, Weirdness & Mutations

You are resistant to torment.
Your stone body is resilient. (AC +5)
You are immune to poison.
You resist negative energy. (rN+)
You are resistant to electric shocks. (rElec)
You can survive without breathing.
You are immune to petrification.
You are immune to rotting.


Message History

You take 8 damage, and have 39/84 hp.
You thump the demonic crawler! The demonic crawler closely misses you.
You block the demonic crawler's attack. x2
The demonic crawler hits you but does no damage. x3
You hit the demonic crawler. The demonic crawler hits you.
* * * LOW HITPOINT WARNING * * *
You block the demonic crawler's attack.
The demonic crawler hits you but does no damage.
You take 2 damage, and have 38/84 hp.
You barely miss the demonic crawler. The demonic crawler hits you.
* * * LOW HITPOINT WARNING * * *
The demonic crawler completely misses you.
The demonic crawler barely misses you. The demonic crawler hits you.
* * * LOW HITPOINT WARNING * * *
The demonic crawler barely misses you. You block the demonic crawler's attack.
You take 6 damage, and have 32/84 hp.
You hit the demonic crawler.
The demonic crawler hits you but does no damage.
The demonic crawler closely misses you. The demonic crawler hits you.
* * * LOW HITPOINT WARNING * * *
You take 3 damage, and have 29/84 hp.
You sock the demonic crawler!
The demonic crawler hits you but does no damage.
The demonic crawler hits you.
* * * LOW HITPOINT WARNING * * *
The demonic crawler hits you but does no damage.
You take 4 damage, and have 25/84 hp.
You hit the demonic crawler.
You block the demonic crawler's attack. x2
The demonic crawler barely misses you.
The demonic crawler hits you but does no damage. x3
You sock the demonic crawler!
You kill the demonic crawler!
Makhleb accepts your kill.
You feel better. The demonic crawler hits you.
* * * LOW HITPOINT WARNING * * *
The demonic crawler barely misses you.
The demonic crawler hits you but does no damage.
You regained 11 hp, and now have 36/85 hp.
You hit the demonic crawler. You barely miss the demonic crawler.
You block the demonic crawler's attack. x2
The demonic crawler hits you but does no damage.
You sock the demonic crawler! You closely miss the demonic crawler.
You hit the demonic crawler.
The demonic crawler hits you but does no damage. x3
The demonic crawler hits you.
* * * LOW HITPOINT WARNING * * *
The demonic crawler barely misses you. The demonic crawler hits you.
* * * LOW HITPOINT WARNING * * *
You take 4 damage, and have 32/85 hp.
You closely miss the demonic crawler. You block the demonic crawler's attack.
The demonic crawler hits you but does no damage. x2
You closely miss the demonic crawler. You block the demonic crawler's attack.
The demonic crawler hits you but does no damage.
You block the demonic crawler's attack. You block the demonic crawler's attack.
The demonic crawler barely misses you. The demonic crawler hits you.
* * * LOW HITPOINT WARNING * * *
You take 3 damage, and have 29/85 hp.
You sock the demonic crawler!
The demonic crawler hits you but does no damage. x2
You block the demonic crawler's attack.
You bludgeon the demonic crawler!! You block the demonic crawler's attack.
The demonic crawler hits you but does no damage. x2
You sock the demonic crawler!
You kill the demonic crawler!
Makhleb accepts your kill.
You can now harness Makhleb's destructive might.
Your Fighting skill increases to level 10!
Your Maces & Flails skill increases to level 12!
Your Armour skill increases to level 10!
Your Shields skill increases to level 10!
The demonic crawler hits you but does no damage.
The demonic crawler barely misses you. The demonic crawler closely misses you.
The demonic crawler hits you.
* * * LOW HITPOINT WARNING * * *
You block the demonic crawler's attack. The demonic crawler closely misses you.
You take 1 damage, and have 28/85 hp.
The demonic crawler barely misses you. You block the demonic crawler's attack.
The demonic crawler hits you.
* * * LOW HITPOINT WARNING * * *
There is an open door here.
You take 4 damage, and have 24/85 hp.
You barely miss the demonic crawler.
You are no longer berserk.
You are exhausted.
You feel yourself slow down. The demonic crawler hits you.
* * * LOW HITPOINT WARNING * * *
The demonic crawler hits you but does no damage.
The demonic crawler hits you!
* * * LOW HITPOINT WARNING * * *
You now have 8/57 hp.
You feel yourself speed up. You block the demonic crawler's attack.
The demonic crawler closely misses you.
The demonic crawler hits you but does no damage.
The demonic crawler hits you!
* * * LOW HITPOINT WARNING * * *
You block the demonic crawler's attack. The demonic crawler hits you.
You die...

########################
.#..)..#..'.$#__#s$)...#
.').#..').#$.'..@s.#...##+#
.#####+#####+#__####...'..#
.# #### #####..+ .# ## .#
⌠# ##


You could see 2 demonic crawlers.

Vanquished Creatures
  2 demonic crawlers (D)
  2 kobold demonologists (D)
  A slime creature (D)
  Sigmund (D)
  A floating eye (D)
  An ogre (D)
  Ijyb (D)
9 creatures vanquished.

Notes
Turn   | Place    | Note
-------+----------+-------------------------------------------
     0 | D        | theanonym the Gargoyle Fighter began the quest for the Orb.
     0 | D        | Reached XP level 1. HP: 14/14 MP: 1/1
     1 | D        | Noticed Ijyb
    30 | D        | HP: 1/14 [Ijyb/club (1)]
    33 | D        | Killed Ijyb
    33 | D        | Reached skill level 4 in Fighting
    33 | D        | Reached skill level 4 in Maces & Flails
    33 | D        | Reached skill level 4 in Armour
    33 | D        | Reached skill level 4 in Shields
    33 | D        | Reached XP level 2. HP: 2/20 MP: 2/2
    33 | D        | Reached XP level 3. HP: 3/24 MP: 3/3
   296 | D        | Noticed an ogre
   300 | D        | Killed an ogre
   300 | D        | Reached skill level 5 in Fighting
   300 | D        | Reached skill level 6 in Maces & Flails
   300 | D        | Reached skill level 5 in Armour
   300 | D        | Reached skill level 5 in Shields
   300 | D        | Reached XP level 4. HP: 31/31 MP: 4/4
   304 | D        | Noticed Sigmund
   312 | D        | Killed Sigmund
   312 | D        | Reached skill level 6 in Fighting
   312 | D        | Reached skill level 8 in Maces & Flails
   312 | D        | Reached skill level 6 in Armour
   312 | D        | Reached skill level 6 in Shields
   312 | D        | Reached XP level 5. HP: 28/37 MP: 5/5
   312 | D        | Reached XP level 6. HP: 32/42 MP: 6/6
   324 | D        | Found a burning altar of Makhleb.
   324 | D        | Found a viscous altar of Jiyva.
   324 | D        | Found a shimmering altar of Xom.
   324 | D        | Found a corrupted altar of Lugonu.
   324 | D        | Noticed a slime creature
   336 | D        | Became a worshipper of Makhleb the Destroyer
   341 | D        | Killed a slime creature
   341 | D        | Reached skill level 7 in Fighting
   341 | D        | Reached skill level 9 in Maces & Flails
   341 | D        | Reached skill level 7 in Armour
   341 | D        | Reached skill level 7 in Shields
   341 | D        | Reached XP level 7. HP: 12/48 MP: 7/7
   573 | D        | Noticed a kobold demonologist
   576 | D        | Noticed a kobold demonologist
   580 | D        | Paralysed by a floating eye for 3 turns
   585 | D        | Noticed a neqoxec
   587 | D        | Noticed a smoke demon
   591 | D        | Killed a kobold demonologist
   591 | D        | Reached skill level 8 in Fighting
   591 | D        | Reached skill level 10 in Maces & Flails
   591 | D        | Reached skill level 8 in Armour
   591 | D        | Reached skill level 8 in Shields
   593 | D        | Paralysed by a floating eye for 2 turns
   603 | D        | Paralysed by a floating eye for 4 turns
   613 | D        | Noticed a sixfirhy
   616 | D        | Killed a kobold demonologist
   616 | D        | Reached * piety under Makhleb
   616 | D        | Reached skill level 9 in Fighting
   616 | D        | Reached skill level 11 in Maces & Flails
   616 | D        | Reached skill level 9 in Armour
   616 | D        | Reached skill level 9 in Shields
   616 | D        | Reached XP level 8. HP: 41/56 MP: 8/8
   700 | D        | Noticed a demonic crawler
   700 | D        | Noticed a demonic crawler
   700 | D        | Noticed a demonic crawler
   700 | D        | Noticed a demonic crawler
   720 | D        | Killed a demonic crawler
   731 | D        | Killed a demonic crawler
   731 | D        | Reached ** piety under Makhleb
   731 | D        | Reached skill level 10 in Fighting
   731 | D        | Reached skill level 12 in Maces & Flails
   731 | D        | Reached skill level 10 in Armour
   731 | D        | Reached skill level 10 in Shields
   734 | D        | HP: 1/57 [demonic crawler (7)]
   734 | D        | Slain by a demonic crawler

Vault maps used:
D:        dungeon_sprint_1

Skill      XL: |  1  2  3  4  5  6  7  8 |
---------------+-------------------------+-----
Fighting       | 4 5 6 7 9 10 | 10.1
Maces & Flails | 4 6 8 9 11 12 | 12.2
Armour         | 4 5 6 7 9 10 | 10.1
Shields        | 4 5 6 7 9 10 | 10.1

Action                   |  1- 3 |  4- 6 |  7- 9 || total
-------------------------+-------+-------+-------++-------
Melee: Flail             |    34 |    21 |    62 ||   117
  Use: Potion            |     1 |       |     2 ||     3
Armor: Scale mail        |    11 |     7 |    59 ||    77
Dodge: Dodged            |     5 |     2 |    28 ||    35
Block: Shield            |    15 |     6 |    44 ||    65

Table legend:
 A = Spawn XP
 B = Non-spawn XP
 C = Spawn XP percentage of total XP
 D = Spawn monster count
 E = Non-spawn monster count
 F = Spawn count percentage of total count
 G = Total turns spent on level
                    A         B        C        D         E        F      G
               +---------+---------+-------+---------+---------+-------+---------
         Total |       0 |    2251 |   0.0 |       0 |       9 |   0.0 |   734
               +---------+---------+-------+---------+---------+-------+---------
             D |       0 |    2251 |   0.0 |       0 |       9 |   0.0 |   734
               +---------+---------+-------+---------+---------+-------+---------
